Map: 16-Bit LE

Players

A.I. 1 (Elite)

  • Race: Protoss Protoss
  • Spawn Location: 7:00

MostSinister - Winner!

  • Race: Protoss Protoss
  • League: Gold
  • Spawn Location: 1:00

VOD

Have the link to the VOD?

Description

Build Optimisation DT Timing at 5 Min. w/ 3 bases 2 Stalkers 1 sentry 1 obs 1 warp prism and 3 DTs. Snipe Obs with stalker and go up the main to snipe robo.

If you are unable to shut down enemy detection; start charge, add gates and transition to zealots immortals archons.

Time

  • Played on: June 25, 2023, 6:09 p.m.
  • Length: 6:53
Show
View Real Time Build Order
Export as new Build Order

A.I. 1 (Elite) Protoss 

Build Orders: Blink Stalkers, Zealot Archon 

Get SALT Encoding   

  12  0:00  Probe  
  13  0:13  Probe  
  14  0:20  Pylon  
  14  0:25  Probe  
  15  0:34  Probe  
  15  0:42  Probe  
  16  0:48  Assimilator  
  17  0:51  Gateway  
  17  0:52  Probe  
  18  0:59  Pylon  
  18  1:00  Probe  
  18  1:08  Probe  
  20  1:19  Probe  
  21  1:34  Assimilator  
  21  1:37  Probe  
  21  1:38  Zealot  
  24  1:40  Cybernetics Core  
  24  1:49  Probe  
  25  1:59  Probe  
  26  2:06  Pylon  
  26  2:07  Probe  
  27  2:16  Warp Gate  
  27  2:17  Stalker  
  27  2:19  Twilight Council  
  29  2:31  Gateway, Probe  
  30  2:43  Probe  
  31  2:47  Stalker, Blink  
  33  3:04  Gateway  
  33  3:17  Stalker  
  33  3:18  Pylon  
  35  3:24  Stalker  
  37  3:27  Probe  
  38  3:39  Probe  
  39  3:47  Stalker  
  41  3:51  Stalker  
  41  3:52  Stalker  
  45  4:02  Pylon  
  45  4:12  Pylon  
  45  4:24  Zealot  
  45  4:26  Adept  
  45  4:29  Stalker  
  51  4:42  Adept  
  53  4:47  Templar Archives  
  53  4:59  Nexus  
  53  5:12  Pylon  
  51  5:23  High Templar  
  53  5:30  High Templar, Zealot  
  53  5:44  Archon  
  53  5:46  Zealot  
  55  5:57  Zealot  
  55  6:05  High Templar  
  55  6:10  Probe  
  55  6:11  Probe  
  54  6:23  Probe  
Show
View Real Time Build Order
Export as new Build Order

MostSinister Protoss - Winner!

Build Orders: 1 Gate Expand, Dark Templar Rush 

Get SALT Encoding   

  12  0:00  Probe  
  13  0:12  Probe  
  14  0:20  Pylon  
  14  0:25  Probe  
  15  0:38  Probe  
  16  0:44  Gateway  
  16  0:50  Probe  
  16  0:51  Assimilator  
  17  1:02  Probe (Chrono Boost)  
  18  1:15  Probe (Chrono Boost)  
  19  1:22  Probe (Chrono Boost)  
  20  1:27  Nexus  
  20  1:29  Probe  
  21  1:41  Cybernetics Core  
  21  2:03  Pylon  
  21  2:05  Assimilator  
  21  2:10  Probe  
  22  2:19  Stalker (Chrono Boost)  
  22  2:20  Warp Gate  
  22  2:22  Probe  
  25  2:34  Probe  
  26  2:44  Probe (Chrono Boost)  
  26  2:47  Probe (Chrono Boost)  
  28  2:56  Probe (Chrono Boost)  
  28  2:58  Probe (Chrono Boost)  
  30  3:01  Twilight Council, Robotics Facility, Probe (Chrono Boost)  
  30  3:02  Probe (Chrono Boost)  
  32  3:10  Stalker  
  32  3:11  Probe  
  35  3:13  Probe  
  36  3:22  Assimilator  
  36  3:23  Probe  
  36  3:25  Probe  
  36  3:26  Pylon  
  38  3:35  Probe  
  38  3:37  Probe  
  38  3:41  Dark Shrine  
  40  3:45  Gateway  
  40  3:48  Probe  
  41  3:49  Gateway, Probe  
  42  4:00  Probe, Warp Prism (Chrono Boost)  
  42  4:02  Probe  
  46  4:12  Probe  
  46  4:13  Sentry  
  46  4:14  Probe  
  50  4:23  Gateway  
  50  4:24  Probe  
  50  4:26  Probe  
  50  4:29  Observer, Pylon  
  53  4:36  Probe  
  54  4:41  Nexus  
  54  4:46  Pylon  
  54  4:48  Probe  
  55  5:00  Probe  
  55  5:03  Assimilator  
  55  5:06  Dark Templar x2  
  60  5:09  Dark Templar  
  60  5:13  Probe  
  61  5:25  Probe  
  62  5:37  Probe  
  63  5:45  Dark Templar x2  
  63  5:49  Probe  
  68  6:01  Probe  
  68  6:03  Dark Templar  
  71  6:05  Stalker  
  73  6:13  Probe  
  74  6:22  Gateway  
  74  6:24  Probe  
  74  6:25  Gateway, Probe  
  75  6:27  Probe  
  75  6:32  Pylon  
  77  6:35  Pylon  
  77  6:36  Probe  
  77  6:38  Probe  
  77  6:39  Probe  
  80  6:48  Stalker x2  
Tags
 
Add a new tag
Caveats
  • Supply blocks, unpowered buildings, or Contaminate may cause inaccurate times.
  • Supply counts are checked every 10 seconds.